Map: Dusty Gorge

Players

Throwfordays

  • Race: Protoss Protoss
  • League: Silver
  • Spawn Location: 5:00

Cthulhu

  • Race: Zerg Zerg
  • Spawn Location: 3:00

CptBringdown - Winner!

  • Race: Protoss Protoss
  • League: Platinum
  • Spawn Location: 9:00

TomBo - Winner!

  • Race: Zerg Zerg
  • League: Gold
  • Spawn Location: 11:00

VOD

Have the link to the VOD?

Description

Time

  • Played on: March 24, 2019, 9:01 p.m.
  • Length: 13:44
Show
View Real Time Build Order
Export as new Build Order

Throwfordays Protoss 

Build Orders: Nexus First 

Get SALT Encoding   

  12  0:01  Probe  
  13  0:13  Probe  
  14  0:42  Nexus  
  14  0:52  Pylon  
  14  0:55  Probe  
  15  1:10  Probe  
  16  1:15  Gateway  
  16  1:22  Probe  
  17  1:27  Gateway  
  17  1:33  Probe  
  17  1:34  Assimilator  
  18  1:41  Probe  
  19  1:51  Probe  
  20  2:02  Cybernetics Core  
  20  2:04  Probe  
  20  2:05  Forge  
  21  2:09  Warp Gate  
  21  2:12  Probe  
  21  2:22  Probe  
  23  2:34  Probe  
  24  2:46  Probe  
  25  2:56  Nexus  
  25  2:58  Probe  
  26  3:02  Assimilator  
  26  3:10  Probe  
  27  3:15  Stargate  
  27  3:22  Probe x2  
  29  3:28  Assimilator  
  29  3:30  Probe  
  29  3:34  Assimilator, Probe  
  29  3:40  Probe  
  31  3:46  Probe  
  31  3:48  Protoss Air Weapons Level 1  
  33  3:50  Pylon  
  33  3:58  Probe  
  33  4:01  Photon Cannon  
  30  4:06  Stalker  
  26  4:10  Probe  
  26  4:21  Probe  
  26  4:23  Probe  
  28  4:33  Probe  
  28  4:34  Photon Cannon  
  28  4:35  Probe  
  30  4:39  Adept  
  30  4:44  Adept  
  34  4:47  Probe  
  35  5:08  Probe  
  35  5:09  Probe  
  35  5:10  Probe  
  38  5:18  Probe  
  38  5:20  Probe  
  39  5:22  Probe  
  39  5:28  Pylon, Probe  
  41  5:32  Pylon, Probe  
  41  5:34  Probe  
  44  5:40  Probe  
  45  5:44  Probe  
  45  5:46  Void Ray, Probe  
  49  5:52  Probe  
  49  5:55  Stalker  
  49  5:56  Photon Cannon, Probe  
  51  5:59  Probe  
  51  6:07  Photon Cannon  
  51  6:08  Probe  
  51  6:10  Photon Cannon  
  51  6:11  Probe  
  53  6:16  Photon Cannon  
  53  6:20  Probe  
  53  6:22  Photon Cannon  
  54  6:25  Photon Cannon  
  54  6:32  Photon Cannon  
  54  6:35  Photon Cannon  
  54  6:38  Probe  
  55  6:42  Probe  
  56  6:49  Probe  
  56  6:53  Photon Cannon  
  57  6:58  Photon Cannon, Probe  
  57  7:02  Pylon  
  57  7:06  Probe  
  58  7:10  Void Ray  
  63  7:16  Probe  
  64  7:26  Stalker, Stargate  
  64  7:27  Stalker  
  64  7:28  Probe  
  69  7:31  Stargate  
  69  7:39  Pylon  
  69  7:40  Probe  
  69  7:42  Pylon  
  69  7:43  Probe  
  71  7:49  Assimilator  
  71  7:52  Probe  
  71  7:54  Assimilator  
  71  7:56  Void Ray  
  76  8:04  Probe  
  71  8:16  Probe  
  71  8:19  Void Ray x2  
  70  8:23  Stalker  
  70  8:24  Stalker  
  72  8:28  Probe  
  73  8:35  Protoss Air Armor Level 1  
  73  8:37  Probe  
  73  8:40  Fleet Beacon  
  74  8:42  Stargate  
  74  8:49  Probe x2  
  76  8:56  Stargate  
  76  9:01  Probe  
  77  9:03  Cybernetics Core  
  77  9:13  Probe  
  77  9:14  Void Ray  
  82  9:25  Probe  
  82  9:28  Void Ray  
  87  9:37  Probe  
  88  9:45  Void Ray  
  88  9:47  Void Ray  
  88  9:49  Probe  
  97  10:01  Probe  
  96  10:13  Probe  
  97  10:18  Protoss Shields Level 1  
  97  10:23  Void Ray  
  101  10:35  Pylon  
  101  10:37  Pylon  
  101  10:40  Pylon  
  101  10:42  Pylon  
  101  10:52  Void Ray x2  
  101  10:55  Void Ray, Probe  
  114  11:07  Probe  
  114  11:10  Void Ray  
  114  11:11  Void Ray  
  123  11:19  Probe  
  124  11:42  Void Ray x2  
  132  11:50  Pylon  
  132  11:51  Pylon  
  132  11:53  Pylon  
  132  11:55  Pylon  
  132  11:56  Pylon  
  132  12:08  Void Ray  
  116  13:26  Pylon  
Show
View Real Time Build Order
Export as new Build Order

Cthulhu Zerg 

Build Orders: Hatch First 

Get SALT Encoding   

  12  0:01  Drone  
  13  0:18  Drone  
  14  0:21  Extractor  
  14  0:22  Drone  
  14  0:25  Overlord  
  15  0:44  Drone  
  16  0:55  Drone  
  17  0:59  Drone, Hatchery  
  17  1:06  Extractor  
  17  1:07  Drone  
  17  1:19  Drone  
  18  1:27  Spawning Pool  
  17  1:44  Drone x3  
  20  2:00  Extractor  
  19  2:02  Drone  
  20  2:26  Drone  
  20  2:27  Drone x3  
  20  2:29  Drone  
  25  2:42  Drone x2  
  27  2:45  Overlord  
  27  2:49  Queen  
  28  3:03  Queen  
  28  3:05  Drone x4  
  31  3:10  Metabolic Boost  
  34  3:18  Hatchery  
  33  3:20  Drone  
  33  3:23  Drone  
  36  3:27  Drone  
  36  3:36  Overlord  
  36  3:43  Lair  
  36  3:48  Evolution Chamber  
  36  3:51  Drone  
  36  4:00  Queen  
  38  4:08  Spore Crawler  
  37  4:10  Spore Crawler  
  37  4:12  Spore Crawler, Drone x3  
  38  4:20  Zergling x10  
  43  4:35  Drone  
  43  4:38  Drone x3  
  45  4:39  Queen  
  49  4:50  Overlord  
  49  4:53  Drone  
  50  5:00  Zerg Ground Armor Level 1  
  50  5:08  Queen  
  50  5:23  Drone x2  
  52  5:39  Drone x6  
  58  5:45  Extractor x2  
  58  5:49  Overlord x2  
  56  5:52  Overlord x2  
  56  5:59  Drone  
  56  6:00  Drone  
  58  6:16  Hatchery  
  58  6:18  Spire  
  56  6:19  Pneumatized Carapace  
  56  6:22  Hatchery  
  55  6:28  Infestation Pit  
  54  6:35  Hydralisk Den  
  53  6:48  Drone x4  
  53  6:49  Drone, Overlord  
  53  6:50  Overlord  
  53  6:52  Zergling x2  
  53  6:53  Zergling x16  
  67  7:02  Drone  
  68  7:14  Spore Crawler  
  68  7:15  Spore Crawler  
  64  7:22  Zergling x2  
  61  7:23  Zergling x12  
  59  7:45  Mutalisk  
  59  7:46  Mutalisk x10  
  75  8:05  Spine Crawler  
  73  8:06  Spine Crawler  
  73  8:07  Spine Crawler  
  65  8:17  Zergling x2  
  65  8:18  Zergling x22  
  57  8:35  Zergling x10  
  58  8:51  Drone  
  58  8:52  Drone x4  
  51  9:18  Zergling x2  
  51  9:20  Drone x7  
  59  9:37  Drone  
  59  9:38  Drone x6  
  66  9:55  Zergling x16  
  66  9:56  Zergling x2  
  72  10:05  Zergling x2  
  72  10:06  Zergling x8  
  72  10:07  Zergling x2  
  69  10:21  Zergling x2  
  69  10:22  Zergling x16  
  75  10:53  Zergling x2  
  75  10:54  Zergling x28  
  75  10:55  Zergling x8  
  81  11:38  Drone  
  81  11:39  Drone x10  
  92  11:45  Baneling Nest  
  91  11:47  Queen  
  91  11:51  Drone x5  
  98  12:11  Muscular Augments  
  98  12:19  Burrow  
  91  12:36  Drone  
  92  12:37  Drone x11  
  77  13:04  Zergling x10  
  77  13:05  Zergling x2, Drone  
  76  13:21  Zergling x2  
  76  13:22  Zergling x8  
Show
View Real Time Build Order
Export as new Build Order

CptBringdown Protoss - Winner!

Build Orders: Oracle Opening 

Get SALT Encoding   

  12  0:00  Probe  
  13  0:13  Probe  
  14  0:18  Pylon  
  14  0:25  Probe  
  15  0:37  Gateway, Probe  
  16  0:47  Assimilator, Probe  
  17  0:58  Probe  
  18  1:10  Probe  
  19  1:22  Probe  
  20  1:28  Pylon  
  20  1:31  Assimilator  
  20  1:34  Probe  
  21  1:40  Cybernetics Core  
  21  1:46  Probe  
  22  2:01  Probe  
  23  2:15  Nexus  
  23  2:22  Stargate  
  23  2:25  Probe  
  24  2:35  Probe, Warp Gate  
  25  2:46  Adept  
  27  2:55  Probe  
  27  2:56  Oracle  
  31  3:14  Pylon  
  31  3:20  Pylon  
  31  3:27  Twilight Council, Probe  
  32  3:32  Gateway  
  32  3:34  Gateway  
  32  3:35  Probe  
  32  3:39  Probe  
  34  3:44  Probe  
  34  3:47  Probe  
  35  3:52  Probe  
  35  3:55  Probe  
  38  4:12  Oracle  
  38  4:18  Probe  
  38  4:19  Probe  
  43  4:28  Charge  
  43  4:30  Probe  
  43  4:31  Probe  
  45  4:40  Pylon  
  45  4:43  Robotics Facility  
  45  4:45  Gateway  
  45  4:47  Probe x2  
  47  5:06  Adept  
  49  5:09  Adept  
  49  5:13  Probe x2  
  53  5:38  Probe x2  
  53  5:39  Stalker x2  
  53  5:40  Stalker  
  61  6:08  Probe x2  
  63  6:12  Stalker x3  
  69  6:20  Probe  
  69  6:21  Pylon  
  69  6:22  Pylon  
  69  6:25  Pylon  
  70  6:29  Assimilator  
  70  6:33  Immortal  
  70  6:39  Probe  
  75  6:43  Pylon  
  75  6:46  Pylon  
  75  6:48  Probe  
  75  6:49  Pylon  
  75  6:50  Pylon  
  75  6:51  Assimilator, Probe  
  77  6:56  Pylon  
  77  6:57  Stalker x4  
  85  7:08  Observer  
  82  7:35  Stalker  
  82  7:36  Stalker x3  
  90  7:46  Void Ray  
  90  7:49  Warp Prism  
  96  7:57  Gateway  
  96  7:59  Gateway x2  
  96  8:01  Gateway  
  73  8:46  Stalker  
  73  8:47  Stalker x3  
  81  8:57  Stalker x4  
  87  9:16  Stalker x4  
  95  9:27  Blink  
  95  9:34  Stalker x2  
  95  9:35  Stalker x2  
  103  9:42  Zealot x4  
  102  10:17  Stalker x4  
  102  10:18  Stalker x4  
  108  10:41  Phoenix  
  110  10:48  Stalker  
  98  11:02  Zealot x2  
  98  11:03  Zealot x5  
  108  11:06  Phoenix  
  96  11:31  Phoenix  
  98  11:36  Zealot x2  
  98  11:37  Zealot x6  
  114  11:55  Phoenix  
  116  12:12  Nexus  
  116  12:14  Stalker x4  
  116  12:15  Nexus, Stalker x3  
  114  12:42  Stalker x5  
  114  12:43  Stalker  
Show
View Real Time Build Order
Export as new Build Order

TomBo Zerg - Winner!

Build Orders: Hatch First 

Get SALT Encoding   

  12  0:02  Drone  
  13  0:13  Overlord  
  13  0:18  Drone  
  14  0:31  Drone x2  
  16  1:03  Hatchery  
  15  1:08  Extractor  
  14  1:12  Spawning Pool  
  14  1:16  Drone x2  
  15  1:18  Drone  
  16  1:37  Drone  
  17  1:56  Drone x2  
  17  1:59  Queen  
  21  2:12  Metabolic Boost  
  21  2:15  Queen  
  23  2:26  Zergling x4  
  23  2:27  Zergling x2  
  26  2:30  Overlord  
  26  2:32  Drone  
  27  3:01  Drone x6  
  33  3:06  Extractor  
  32  3:14  Queen  
  32  3:17  Lair  
  34  3:23  Baneling Nest  
  34  3:25  Spore Crawler  
  32  3:30  Drone x2  
  32  3:31  Drone x2  
  36  3:44  Evolution Chamber  
  36  3:45  Drone  
  36  3:46  Evolution Chamber  
  36  3:47  Drone  
  36  3:58  Overlord x2  
  36  4:03  Overlord  
  36  4:40  Zerg Ground Armor Level 1  
  36  4:41  Zerg Missile Weapons Level 1  
  35  4:59  Zergling x6  
  37  5:00  Zergling x2  
  37  5:06  Roach Warren  
  37  5:10  Hydralisk Den  
  37  5:13  Queen  
  38  5:20  Baneling  
  38  5:21  Baneling x2  
  38  5:36  Drone  
  38  5:37  Drone x6  
  38  5:39  Spore Crawler  
  38  5:42  Extractor  
  43  5:43  Extractor  
  43  5:46  Glial Reconstitution  
  42  5:50  Grooved Spines  
  42  6:02  Zergling x4  
  42  6:03  Zergling x8  
  48  6:05  Centrifical Hooks  
  48  6:13  Drone x2  
  50  6:19  Overseer  
  50  6:21  Queen  
  50  6:25  Pneumatized Carapace  
  52  6:43  Overseer  
  52  6:53  Overseer  
  52  6:55  Overseer  
  52  6:57  Overlord  
  52  6:58  Overlord x2  
  52  6:59  Overlord x2  
  52  7:01  Muscular Augments  
  52  7:10  Zerg Ground Armor Level 2  
  52  7:42  Roach x3  
  52  7:43  Roach x3, Hydralisk  
  64  8:26  Hydralisk x6  
  64  8:27  Hydralisk  
  69  8:54  Zergling x10  
  74  9:02  Zerg Missile Weapons Level 2  
  74  9:16  Baneling x3  
  74  9:17  Baneling  
  74  9:38  Nydus Network  
  73  9:39  Infestation Pit  
  73  9:43  Zerg Melee Weapons Level 1  
  72  9:48  Overlord x2  
  72  9:55  Hydralisk x2  
  72  9:56  Roach x3  
  72  9:58  Hydralisk  
  84  10:30  Overseer  
  84  10:31  Overseer  
  84  10:34  Nydus Canal  
  84  10:46  Hydralisk  
  84  10:47  Hydralisk x3  
  92  10:53  Hatchery  
  90  12:30  Hive  
Tags
 
Add a new tag
Caveats
  • Supply blocks, unpowered buildings, or Contaminate may cause inaccurate times.
  • Supply counts are checked every 10 seconds.